 Dungeon Crawl Stone Soup version 0.27-a0-679-g77a6b55cf3 (webtiles) character file.

Game seed: 6606511637471757977

36 Aapotti the Insei (level 3, -1/28 HPs)
             Began as a Demigod Transmuter on Mar 19, 2021.
             Shot with a stone by a goblin (3 damage)
             ... led by Robin
             ... on level 2 of the Dungeon.
             The game lasted 00:03:24 (1059 turns).

Aapotti the Insei (Demigod Transmuter)              Turns: 1059, Time: 00:03:25

Health: -1/28      AC:  3    Str: 11    XL:     3   Next: 5%
Magic:  6/8        EV: 12    Int: 15    God:
Gold:   60         SH:  0    Dex: 18    Spells: 3/6 levels left

rFire    . . .     SeeInvis .   b - +0 quarterstaff
rCold    . . .     Faith    .   (shield currently unavailable)
rNeg     . . .     Spirit   .   d - +0 leather armour
rPois    .         Reflect  .   (no helmet)
rElec    .         Harm     .   (no cloak)
rCorr    .         Rampage  .   (no gloves)
Will     .....                  (no boots)
Stlth    +.........             (no amulet)
HPRegen  0.09/turn              (no ring)
MPRegen  0.11/turn              (no ring)

@: wereblooded (expiring)
A: high mp 1, forlorn
a: no special abilities


You were on level 2 of the Dungeon.
You visited 1 branch of the dungeon, and saw 2 of its levels.

You collected 60 gold pieces.

Inventory:

Hand Weapons
 b - a +0 quarterstaff (weapon)
Armour
 d - a +0 leather armour (worn)
Wands
 e - a wand of random effects (11)
Scrolls
 a - a scroll of enchant armour {unknown}
 c - 3 scrolls of identify {unknown}


   Skills:
 + Level 1.2 Fighting
 - Level 0.3 Staves
 + Level 2.0 Dodging
 + Level 3.1 Unarmed Combat
 + Level 2.0 Spellcasting
 + Level 2.1 Transmutations


You had 3 spell levels left.
You knew the following spells:

 Your Spells              Type           Power      Damage    Failure   Level
a - Beastly Appendage     Tmut           14%        N/A       12%         1
b - Wereblood             Tmut           7%         N/A       19%         2

Your spell library contained the following spells:

 Spells                   Type           Power      Damage    Failure   Level
 Spider Form              Tmut/Pois      2%         N/A       50%         3
 Ice Form                 Ice/Tmut       4%         N/A       88%         4
 Blade Hands              Tmut           3%         N/A       98%         5


Dungeon Overview and Level Annotations

Branches:
Dungeon (2/15)

Annotations:
D:2 Robin


Innate Abilities, Weirdness & Mutations

Your attributes grow dramatically as you level up.
You have an increased reservoir of magic. (+10% MP)
You shall have no god before yourself.


Message History

You feel agile. x4
You hit the goblin.
You kill the goblin!
The goblin barely misses you.
Robin roars a battlecry!
The hobgoblin goes into a battle-frenzy!
The goblin misses you.
You hit the goblin.
The goblin is heavily wounded.
You barely miss the goblin.
The goblin is heavily wounded.
The goblin closely misses you. The goblin hits you with a +0 club.
You closely miss the goblin.
The goblin is heavily wounded.
The goblin closely misses you. The goblin hits you with a +0 club!
The goblin misses you.
You hit the goblin.
You kill the goblin!
The goblin no longer looks unusually strong.
Robin throws the goblin at you! The goblin closely misses you.
The goblin hits you.
You completely miss the goblin.
Your primal bloodlust is almost over.
The hobgoblin no longer looks unusually strong.
The goblin hits you with a +0 club!
* * * LOW HITPOINT WARNING * * *
The goblin barely misses you.
Robin roars a battlecry!
The goblins go into a battle-frenzy!
You aren't carrying any potions.
The goblin closely misses you. The goblin hits you with a +0 club.
* * * LOW HITPOINT WARNING * * *
The goblin no longer looks unusually strong.
The goblin wields a +0 hunting sling.
The goblin shoots a stone.
The stone closely misses you.
Robin points. "Kill!"
Robin roars a battlecry!
The goblin goes into a battle-frenzy!
The goblin shoots a stone.
The stone hits you.
You die...

#..........#
...............
#########..#
..####....#...#
...... ..#
#....# .#
...... .#
######....#
...... #.
#...†....##
...).. #.#
#....#...#
...... #"#
#....#...#
...... #.#
#...##..##
......
#.###@####..#
....#
#..........##
#.ggg.....##
#.......###
#.g..####
#)#### #g..#
#.....#
#......#


You could see Robin, 2 hobgoblins and 2 goblins.

Vanquished Creatures
  A dart slug (D:1)
  A leopard gecko (D:2)
  2 giant cockroaches
  7 goblins
  3 hobgoblins
  5 jackals (D:1)
  4 bats
  2 frilled lizards (D:1)
  3 rats
28 creatures vanquished.

Notes
Turn   | Place    | Note
-------+----------+-------------------------------------------
     0 | D:1      | Aapotti the Demigod Transmuter began the quest for the Orb.
     0 | D:1      | Reached XP level 1. HP: 15/15 MP: 5/5
   206 | D:1      | Reached skill level 3 in Unarmed Combat
   242 | D:1      | Reached skill level 1 in Fighting
   244 | D:1      | Reached XP level 2. HP: 19/23 MP: 5/7
   408 | D:1      | Learned a level 2 spell: Wereblood
  1044 | D:2      | Noticed Robin
  1050 | D:2      | Reached XP level 3. HP: 26/28 MP: 5/8
  1059 | D:2      | Shot with a stone by a goblin

Illustrated notes

Levels and vault maps discovered:
D:1:      giann_wishing_wells, layout_basic, minmay_misc_feat_tiny,
          minmay_misc_feat_rows, wad_floor_pattern_2
D:2:      minmay_recursive_quarters, layout_basic, nzn_wu_jian_contemplation,
          lemuel_tele_altar, uniq_robin

Skill      XL: |  1  2 |
---------------+-------+-----
Unarmed Combat | 3 |  3.1
Fighting       | 1 |  1.2
Transmutations | 2 |  2.1
Dodging        | 2 |  2.0
Spellcasting   | 2 |  2.0
Staves         | |  0.3

Action                   || total
-------------------------++-------
Melee: Quarterstaff      ||    51
       Kick              ||     8
       Unarmed           ||     1
       Headbutt          ||     4
 Cast: Beastly Appendage ||    14
       Wereblood         ||     1
Armor: Robe              ||     5
       Leather armour    ||     6
Dodge: Dodged            ||    31

Table legend: (Time is in decaauts)
 A = Elapsed time spent in this place.
 B = Non-inter-level travel time spent in this place.
 C = Inter-level travel time spent in this place.
 D = Time resting spent in this place.
 E = Time spent auto-exploring this place.
 F = Levels seen in this place.
 G = Mean time per level.
                   A        B        C        D        E       F      G
               +--------+--------+--------+--------+--------+-----+--------+
         Total |   1073 |   1061 |     12 |    188 |    586 |   2 |  536.5 |
       Dungeon |   1073 |   1061 |     12 |    188 |    586 |   2 |  536.5 |
               +--------+--------+--------+--------+--------+-----+--------+

Top non-repeatable levels by time:
     D:1: 925 daAuts
     D:2: 147 daAuts
